 Dungeon Crawl Stone Soup version 0.32-a0-39-g5c88369fb2 (webtiles) character file.

Game seed: 1408433192046105824

226 AZSletch the Changeling (level 5, -3/39 HPs)
             Began as a Demonspawn Shapeshifter on Feb 3, 2024.
             Was a Priest of Nemelex Xobeh.
             Slain by a chaos spawn (11 damage)
             ... summoned by the player character
             ... on level 4 of the Dungeon.
             The game lasted 00:09:27 (2470 turns).

AZSletch the Changeling (Demonspawn Shapeshifter)   Turns: 2470, Time: 00:09:28

Health: -3/39      AC:  6    Str: 16    XL:     5   Next: 69%
Magic:  6/6        EV: 12    Int: 10    God:    Nemelex Xobeh [***...]
Gold:   194        SH:  4    Dex: 13    Spells: 4/4 levels left

rFire   . .          .
                       - Unarmed
rCold   . . .        (no shield)
rNeg    . . .        a - +0 animal skin
rPois   .            (helmet currently unavailable)
rElec   .            (cloak currently unavailable)
rCorr   .            (gloves currently unavailable)
SInv    .            (boots currently unavailable)
Will    .....        (no amulet)
Stlth   +            (no ring)
HPRegen 0.26/turn    (no ring)
MPRegen 0.10/turn

%: no passive effects
@: beast-form, hasted, very quick
A: beast (slay +2), claws 1, icemail 1, condensation shield
a: Begin Untransformation, Renounce Religion, Draw Escape, Draw Destruction,
Draw Summoning, Triple Draw


You were on level 4 of the Dungeon.
You worshipped Nemelex Xobeh.
Nemelex Xobeh was most pleased with you.
You were a hulking beast.
You visited 1 branch of the dungeon, and saw 4 of its levels.

You collected 194 gold pieces.

Inventory:

Missiles
 k - 4 boomerangs (quivered)
Armour
 a - a +0 animal skin (worn)
Jewellery
 p - a ring of magical power
Talismans
 c - a beast talisman
 d - a flux talisman
Wands
 q - a wand of digging (5)
 r - a wand of acid (10)
Scrolls
 f - a scroll of revelation
 g - a scroll of identify
 l - a scroll of fog {unknown}
 o - a scroll of noise {unknown}
 s - a scroll of blinking {unknown}
Potions
 b - a potion of lignification
 e - a potion of curing {unknown}
 h - 2 potions of enlightenment {unknown}
 i - a potion of heal wounds {unknown}
 j - a potion of might {unknown}
 m - a potion of brilliance {unknown}
 n - a potion of magic {unknown}


   Skills:
 + Level 2.4 Fighting
 + Level 2.8 Dodging
 + Level 3.4 Unarmed Combat
 + Level 1.6 Invocations
 * Level 4.0 Shapeshifting


You had 4 spell levels left.
You didn't know any spells.
Your spell library contained the following spells:

 Spells                   Type           Power      Damage    Failure   Level
 Ensorcelled Hibernation  Hex/Ice        0%         N/A       50%         2
 Fugue of the Fallen      Necr           0%         N/A       75%         3
 Anguish                  Hex/Necr       0%         N/A       98%         4
 Haunt                    Necr/Summ      0%         N/A       100%        7
 Borgnjor's Revivificati  Necr           0%         N/A       100%        8
 Chain Lightning          Conj/Air       0%         N/A       100%        9
 Death's Door             Necr           0%         N/A       100%        9
 Fire Storm               Conj/Fire      0%         5d1       100%        9
 Shatter                  Erth           0%         3d5*      100%        9


Dungeon Overview and Level Annotations

Branches:
Dungeon (4/15)
 Temple: D:4-7

Altars:
Dithmenos
Nemelex Xobeh
Uskayaw


Innate Abilities, Weirdness & Mutations

You are a hulking beast.
Your limbs bulge with bestial killing power. (Slay +2)
You have sharp fingernails.
A meltable icy envelope protects you from harm. (AC +4)
A meltable shield of frost defends you. (SH +4)


Message History

You kill the adder!
The adder barely misses you. x2
Press: ? - help, v - describe, . - travel, g - get item
Items here: a +0 short sword; a kobold corpse.
The floor.
Okay, then.
As you read the scroll labelled DUOXAAMUNN, it crumbles to dust.
It is a scroll of identify.
f - a scroll of revelation The adder bites you.
The chaos spawn punches you.
You barely miss the adder. The adder misses you.
You scratch the adder.
The adder is moderately wounded.
You block the adder's attack. The chaos spawn barely misses you.
The adder closely misses you.
You claw the adder!
You kill the adder!
The chaos spawn closely misses you.
Your Shapeshifting skill increases to level 4!
You claw the chaos spawn!
The chaos spawn is moderately wounded.
The chaos spawn closely misses you.
You scratch the chaos spawn.
The chaos spawn is moderately wounded.
The chaos spawn punches you. The chaos spawn freezes you!
You miss the chaos spawn.
The chaos spawn is moderately wounded.
The chaos spawn tentacle-slaps you but does no damage.
You closely miss the chaos spawn.
The chaos spawn is moderately wounded.
The chaos spawn tentacle-slaps you!
* * * LOW HITPOINT WARNING * * *
You feel yourself speed up.
You scratch the chaos spawn.
The chaos spawn is heavily wounded.
The chaos spawn releases spores at you.
* * * LOW HITPOINT WARNING * * *
The chaos spawn freezes you!
You die...
Your body glows with a rainbow of weird colours and disappears.

##%..........#
######.....##
#........## ##.#......#
#........#####
......##.####.#####
##..##
#.###......#####.
#..####.##....4........
#.......#.#..##h[#####.
#.######.##...†#.#
##.#..#.).# ##...#.#.#
##......# #.......
#....##. ....#. ....


You could see a chaos spawn (summoned).

Vanquished Creatures
  A bombardier beetle (D:3)
  A hound (D:4)
  4 gnolls
  6 adders
  2 dart slugs
  9 endoplasms
  3 giant cockroaches
  10 goblins
  4 hobgoblins
  2 jackals (D:1)
  A quokka (D:2)
  4 ball pythons
  5 bats
  6 kobolds
  2 rats (D:3)
60 creatures vanquished.

Vanquished Creatures (others)
  A gnoll (D:2)
1 creature vanquished.

Grand Total: 61 creatures vanquished

Notes
Turn   | Place    | Note
-------+----------+-------------------------------------------
     0 | D:1      | AZSletch the Demonspawn Shapeshifter began the quest for
                  | the Orb.
     0 | D:1      | Reached XP level 1. HP: 15/15 MP: 1/1
    29 | D:1      | Found a faded altar of an unknown god.
    81 | D:1      | Prayed at the altar of an unknown god.
    81 | D:1      | Became a worshipper of Nemelex Xobeh the Trickster
    81 | D:1      | Reached * piety under Nemelex Xobeh
    86 | D:1      | Received a gift from Nemelex Xobeh
   370 | D:1      | Gained mutation: A meltable shield of frost defends you.
                  | (SH +4) [demonic ancestry]
   370 | D:1      | Reached XP level 2. HP: 21/21 MP: 2/2
   453 | D:1      | Reached ** piety under Nemelex Xobeh
   496 | D:1      | Reached skill level 3 in Shapeshifting
   877 | D:2      | Gained mutation: A meltable icy envelope protects you from
                  | harm. (AC +4) [demonic ancestry]
   877 | D:2      | Reached XP level 3. HP: 26/26 MP: 3/3
  1372 | D:2      | Gained mutation: You have sharp fingernails. [demonic
                  | ancestry]
  1372 | D:2      | Reached XP level 4. HP: 20/33 MP: 4/4
  1731 | D:3      | Found a shadowy altar of Dithmenos.
  1734 | D:3      | Found a hide-covered altar of Uskayaw.
  1855 | D:3      | Reached XP level 5. HP: 38/38 MP: 5/5
  1879 | D:3      | Reached skill level 1 in Invocations
  2384 | D:4      | Reached *** piety under Nemelex Xobeh
  2384 | D:4      | Received a gift from Nemelex Xobeh
  2459 | D:4      | Noticed a chaos spawn
  2466 | D:4      | Reached skill level 4 in Shapeshifting
  2470 | D:4      | Slain by a chaos spawn

Illustrated notes

Levels and vault maps discovered:
D:1:      minmay_arrival_cross, layout_basic,
          hellmonk_ecumenical_altar_dog_temple
D:2:      layout_basic
D:3:      layout_loops_corners, chequers_temple_overflow_statue_of_worship,
          st_stairs_8
D:4:      layout_loops_cross, minmay_temple_entry_junction, serial_bayou_ford_a,
          minmay_rat_hole

Skill      XL: |  1  2  3  4  5 |
---------------+----------------+-----
Dodging        | 2 |  2.8
Shapeshifting  | 3 4 |  4.0
Unarmed Combat | 3 |  3.4
Fighting       | 2 |  2.4
Invocations    | 1 |  1.6

Action                     |  1- 3 |  4- 6 || total
---------------------------+-------+-------++-------
  Melee: Unarmed           |   106 |    83 ||   189
         Punch             |     2 |       ||     2
 Invoke: Draw Destruction  |       |     2 ||     2
         Draw Escape       |       |     1 ||     1
         Draw Summoning    |       |     1 ||     1
    Use: Scroll            |       |     1 ||     1
   Stab: Sleeping          |     1 |     2 ||     3
 Armour: Animal skin       |    47 |    38 ||    85
  Dodge: Dodged            |    47 |    36 ||    83
  Block: Other             |    11 |    11 ||    22

Table legend: (Time is in decaauts)
 A = Elapsed time spent in this place.
 B = Non-inter-level travel time spent in this place.
 C = Inter-level travel time spent in this place.
 D = Time resting spent in this place.
 E = Time spent auto-exploring this place.
 F = Levels seen in this place.
 G = Mean time per level.
                   A        B        C        D        E       F      G
               +--------+--------+--------+--------+--------+-----+--------+
         Total |   2457 |   2388 |     69 |    266 |   1511 |   4 |  614.2 |
       Dungeon |   2457 |   2388 |     69 |    266 |   1511 |   4 |  614.2 |
               +--------+--------+--------+--------+--------+-----+--------+

Top non-repeatable levels by time:
     D:1: 845 daAuts
     D:3: 843 daAuts
     D:2: 665 daAuts
     D:4: 104 daAuts
